 Dungeon Crawl Stone Soup version 0.27-a0-1177-g245c70e1c0 (webtiles) character file.

Game seed: 6425788334182201768

112244 roflturtle the Destroyer (level 15, -3/118 HPs)
             Began as a Demigod Air Elementalist on May 16, 2021.
             Hit by a silver javelin thrown by a merfolk javelineer (21 damage)
             ... on level 3 of the Shoals.
             The game lasted 02:44:13 (38308 turns).

roflturtle the Destroyer (DgAE)                    Turns: 38308, Time: 02:44:13

Health: -3/118     AC: 10    Str:  9    XL:     15   Next: 63%
Magic:  18/33      EV: 15    Int: 45    God:
Gold:   1387       SH:  0    Dex: 14    Spells: 5/34 levels left

rFire    . . .     SeeInvis +   S - staff of air
rCold    . . .     Faith    .   (no shield)
rNeg     . . .     Spirit   .   Q - +2 robe {Will+}
rPois    .         Reflect  .   X - +3 crown of Dyrovepreva {rElec Int+2 SInv}
rElec    +         Harm     .   z - +0 cloak
rCorr    .         Rampage  .   J - +0 pair of gloves
Will     ++...                  F - +0 pair of boots
Stlth    +++.......             V - amulet of magic regeneration
HPRegen  0.29/turn              t - +6 ring of intelligence
MPRegen  0.48/turn              R - ring of flight

@: flying
A: high mp 1, forlorn
a: no special abilities


You were on level 3 of the Shoals.
You visited 4 branches of the dungeon, and saw 26 of its levels.

You collected 2564 gold pieces.
You spent 1177 gold pieces at shops.

Inventory:

Hand Weapons
 i - a +4 vorpal spear
 u - a +2 long sword of holy wrath
 B - a +2 dagger of freezing
Armour
 z - a +0 cloak (worn)
 F - a +0 pair of boots (worn)
 J - a +0 pair of gloves (worn)
 O - the +1 robe of a wizard's laboratory {Str+10}
   (You found it on level 14 of the Dungeon)

   It affects your strength (+10).
 Q - a +2 robe of willpower (worn)
 X - the +3 crown of Dyrovepreva (worn) {rElec Int+2 SInv}
   (You bought it in a shop on level 2 of the Orcish Mines)

   It affects your intelligence (+2).
   It insulates you from electricity.
   It lets you see invisible.
Magical Staves
 b - a staff of poison
 S - a staff of air (weapon)
Jewellery
 s - a ring of see invisible
 t - a +6 ring of intelligence (left hand)
 y - a +4 ring of protection
 N - a ring of positive energy
 R - a ring of flight (right hand)
 V - an amulet of magic regeneration (around neck)
 Z - the ring "Arutebank" {rElec rCorr Dex+5}
   (You found it on level 11 of the Dungeon)

   [ring of resist corrosion]

   It affects your dexterity (+5).
   It insulates you from electricity.
   It protects you from acid and corrosion.
Wands
 a - a wand of mindburst (55)
 e - a wand of digging (4)
 j - a wand of polymorph (8)
 C - a wand of iceblast (36)
 E - a wand of acid (25)
 I - a wand of charming (37)
 M - a wand of flame (47)
 W - a wand of paralysis (12)
Scrolls
 g - a scroll of holy word
 k - a scroll of enchant armour
 l - 5 scrolls of teleportation
 n - 5 scrolls of fear
 p - 4 scrolls of amnesia
 r - a scroll of silence
 A - a scroll of torment
 G - 5 scrolls of fog
 H - 3 scrolls of magic mapping
 K - 13 scrolls of enchant weapon
 P - 3 scrolls of blinking
 Y - a scroll of summoning
Potions
 c - 7 potions of heal wounds
 d - 5 potions of curing
 f - 5 potions of ambrosia
 h - a potion of invisibility
 m - a potion of magic
 o - 3 potions of flight
 q - 3 potions of cancellation
 v - 2 potions of haste
 w - a potion of resistance
 x - 3 potions of might
 D - 4 potions of brilliance


   Skills:
 - Level 7.1 Fighting
 - Level 6.2 Staves
 - Level 7.0 Dodging
 - Level 6.0 Stealth
 - Level 10.0 Spellcasting
 - Level 14.0 Conjurations
 + Level 13.0 Air Magic
 - Level 10.1 Evocations


You had 5 spell levels left.
You knew the following spells:

 Your Spells              Type           Power      Damage    Failure   Level
a - Shock                 Conj/Air       100%       1d9       0%          1
b - Static Discharge      Conj/Air       100%       N/A       0%          2
c - Swiftness             Air            100%       N/A       1%          3
d - Airstrike             Air            59%        N/A       1%          4
e - Lightning Bolt        Conj/Air       60%        1d83      1%          5
f - Iskenderun's Mystic   Conj/Tloc      71%        2d14      1%          4
g - Fulminant Prism       Conj/Hex       35%        3d18      1%          4
h - Conjure Ball Lightni  Conj/Air       60%        3x3d22    1%          6

Your spell library contained the following spells:

 Spells                   Type           Power      Damage    Failure   Level
 Magic Dart               Conj           100%       1d8       0%          1
 Searing Ray              Conj           100%       3d7       0%          2
 Beastly Appendage        Tmut           44%        N/A       1%          1
 Corona                   Hex            24%        N/A       1%          1
 Sandblast                Erth           44%        2d11      1%          1
 Ensorcelled Hibernation  Hex/Ice        44%        N/A       1%          2
 Passwall                 Tmut/Erth      18%        N/A       1%          2
 Wereblood                Tmut           22%        N/A       1%          2
 Dazzling Flash           Conj/Hex       100%       N/A       1%          3
 Confusing Touch          Hex            22%        N/A       3%          3
 Spider Form              Tmut/Pois      11%        N/A       3%          3
 Tukima's Dance           Hex            22%        N/A       3%          3
 Dispel Undead            Necr           22%        3d12      12%         4
 Ice Form                 Ice/Tmut       22%        N/A       12%         4
 Hydra Form               Tmut           11%        N/A       34%         5
 Iron Shot                Conj/Erth      35%        9d7       11%         6
 Statue Form              Tmut/Erth      14%        N/A       88%         6
 Shatter                  Erth           11%        3d12*     100%        9


Dungeon Overview and Level Annotations

Branches:
Dungeon (15/15)            Temple (0/1) D:4            Lair (6/6) D:8
 Shoals (3/4) Lair:4       Spider (0/4) Lair:2        Slime (0/5) Lair:6
    Orc (2/2) D:11            Elf (0/3) Orc:2        Vaults (0/5) D:14
 Depths (0/5) D:15

Shops:
D:4 *   D:8 [   D:12 [   Orc:1 (   Orc:2 [*=(*

Annotations:
D:10 1 runed translucent door, leviel's ghost, journeyman MiFi
Lair:5 3 runed translucent doors, leviel's ghost, journeyman TrMo; storma199's ghost, journeyman DjVM


Innate Abilities, Weirdness & Mutations

Your attributes grow dramatically as you level up.
You have an increased reservoir of magic. (+10% MP)
You shall have no god before yourself.


Message History

The air twists around and strikes the merfolk javelineer!
The merfolk javelineer is heavily wounded.
You feel very sick.
The merfolk javelineer throws a silver javelin.
The silver javelin pierces through you!!
The silver javelin pierces through the plant!!
The plant begins to die.
Casting: Airstrike (safe; 1% risk of failure)
Confirm with . or Enter, or press ? or * to list all spells.
Aiming: Airstrike (safe; 1% risk of failure)
Press: ? - help, Dir - move target, f/p - merfolk javelineer
Aim: a merfolk javelineer, wielding a +2 spear of venom, wearing a +0 leather armour and quivering silver javelins (heavily wounded)
You feel a surge of power!
The air twists around and strikes the merfolk javelineer!!
The merfolk javelineer is severely wounded.
You feel very sick.
The merfolk javelineer throws a silver javelin.
The silver javelin pierces through you!!
* * * LOW HITPOINT WARNING * * *
The silver javelin pierces through the plant!!
Casting: Airstrike (safe; 1% risk of failure)
Confirm with . or Enter, or press ? or * to list all spells.
Aiming: Lightning Bolt (safe; 1% risk of failure)
Press: ? - help, Shift-Dir - straight line, f/p - merfolk javelineer
Aim: a merfolk javelineer, wielding a +2 spear of venom, wearing a +0 leather armour and quivering silver javelins (severely wounded, 57% to hit)
You feel a surge of power!
You hear a mighty clap of thunder!
The bolt of lightning misses the merfolk javelineer.
The bolt of lightning hits the plant!!!
The plant begins to die.
The plant is moderately damaged.
You feel very sick.
You hear a screech!
You hear an angry hiss.
You hear a shout!
The merfolk javelineer throws a silver javelin.
The silver javelin pierces through you!
* * * LOW HITPOINT WARNING * * *
x2 The silver javelin pierces through the plant!!
You feel better.
The merfolk javelineer throws a silver javelin.
The silver javelin pierces through you!!
You die... ≈≈PPPPPPPPP≈≈≈≈

P≈P≈ PP≈PP≈≈≈≈≈
P≈≈≈PP$P≈≈P≈≈≈P
P....#(≈≈≈≈≈≈≈P
$....≈≈≈≈≈P≈P
#..≈≈≈P≈≈PP≈
#.P.≈≈≈≈PP.
#@P.≈PP≈.
##m.P≈≈≈≈


..PPPPP #PP≈≈≈P PP≈≈≈≈ ≈≈≈≈≈≈ ≈P≈≈≈ ≈P≈≈≈ You could see a merfolk javelineer.

Vanquished Creatures
  Rupert (Lair:6)
  The ghost of AtomicRavioli the Warrior, an adept OgFi of Makhleb (Shoals:2)
  The ghost of AtomicRavioli the Warrior, an adept OgFi of Makhleb (Shoals:2)
  Polyphemus (Shoals:2)
  Frances (Shoals:2)
  Roxanne (Shoals:1)
  An orc warlord (Orc:2)
  An ironbound preserver (D:14)
  Josephine (D:12)
  2 merfolk impalers (Shoals:1)
  A fire dragon (Lair:6)
  3 boulder beetles
  A rakshasa (D:13)
  9 hydras
  Fannar (Orc:1)
  2 catoblepae
  3 centaur warriors
  3 two-headed ogres
  A tengu warrior (D:15)
  Urug (Orc:1)
  2 orc high priests (Orc:2)
  4 death yaks (Shoals:2)
  Nergalle (D:12)
  A swamp dragon (Lair:6)
  2 sea snakes
  10 harpies
  A wizard (D:14)
  3 orc knights
  A wolf spider zombie (D:15)
  6 orc sorcerers
  A necromancer (D:15)
  8 manticores
  7 fauns
  6 cyclopes
  3 deep elf pyromancers
  11 ugly things
  3 merfolk sirens (Shoals:1)
  2 black mambas
  4 elephants (Lair:5)
  A black mamba (shapeshifter) (D:14)
  2 water nymphs (Shoals:1)
  A torpor snail (Lair:6)
  A naga mage (D:15)
  12 cane toads
  3 gargoyles
  3 rime drakes
  A centaur skeleton (D:15)
  10 komodo dragons
  5 yaktaurs (D:15)
  Maggie (D:8)
  2 efreet
  A tengu conjurer (D:15)
  A harpy zombie (D:15)
  4 merfolk
  2 trolls
  10 polar bears
  5 raiju (Lair:6)
  A blink frog (shapeshifter) (D:6)
  A dream sheep (shapeshifter) (D:15)
  A wind drake (Shoals:2)
  4 dream sheep (Shoals:1)
  4 slime creatures (D:12)
  3 snapping turtles
  A centaur simulacrum (D:14)
  10 wraiths
  A shadow (D:12)
  2 vampires
  3 water elementals
  39 yaks
  5 wyverns
  15 vampire mosquitoes
  6 basilisks
  5 steam dragons
  2 acid dragons
  16 water moccasins
  11 wargs
  12 hell hounds (Lair:6)
  2 swamp drakes (Lair:6)
  13 black bears
  36 orc warriors
  A sky beast (D:7)
  2 necrophages
  A boggart (D:14)
  An ice beast (D:7)
  9 ogres
  14 centaurs
  34 wolves
  A phantom (D:4)
  Blork the orc (D:4)
  12 bullfrogs
  2 kobold brigands
  A wyvern zombie (D:8)
  A gnoll sergeant (D:8)
  A scorpion (D:6)
  A wyvern skeleton (D:6)
  2 killer bees (D:11)
  8 wights
  12 howler monkeys
  2 centaur zombies
  20 orc priests
  5 jellies
  7 hounds
  A bullfrog skeleton (D:4)
  4 gnoll shamans (D:8)
  Terence (D:2)
  6 iguanas
  25 orc wizards
  3 killer bee zombies
  A hound skeleton (D:4)
  Robin (D:2)
  5 gnolls
  6 adders
  A shadow imp (D:6)
  2 white imps
  An ufetubus (D:6)
  An adder skeleton (D:4)
  A worm (D:4)
  8 dart slugs
  78 orcs
  6 ball pythons
  4 bats
  10 endoplasms
  3 giant cockroaches
  11 goblins
  15 hobgoblins
  7 jackals
  3 quokkas
  2 frilled lizards
  5 kobolds
  6 rats
  A fulminant prism (Shoals:2)
726 creatures vanquished.

Vanquished Creatures (collateral kills)
  3 ball lightnings
3 creatures vanquished.

Vanquished Creatures (others)
  A two-headed ogre (Orc:1)
  A centaur zombie (D:11)
  A killer bee (D:11)
  A howler monkey (D:8)
  101 ball lightnings
  30 fulminant prisms
  30 fungi
  115 plants
280 creatures vanquished.

Grand Total: 1009 creatures vanquished

Notes
Turn   | Place    | Note
-------+----------+-------------------------------------------
     0 | D:1      | roflturtle the Demigod Air Elementalist began the quest for
                  | the Orb.
     0 | D:1      | Reached XP level 1. HP: 14/14 MP: 5/5
    19 | D:1      | Reached skill level 1 in Conjurations
   314 | D:1      | Reached XP level 2. HP: 13/20 MP: 0/7
   652 | D:1      | You fall into a shaft and drop 1 floor!
   750 | D:2      | Noticed Robin
   774 | D:2      | Killed Robin
   775 | D:2      | Reached skill level 2 in Conjurations
   775 | D:2      | Reached XP level 3. HP: 15/26 MP: 0/8
  1139 | D:1      | Learned a level 2 spell: Static Discharge
  1143 | D:1      | Learned a level 3 spell: Swiftness
  1712 | D:1      | Reached skill level 3 in Conjurations
  1962 | D:2      | Noticed Terence
  1986 | D:2      | Killed Terence
  1987 | D:2      | Reached XP level 4. HP: 25/33 MP: 5/10
  3284 | D:3      | Reached skill level 1 in Fighting
  3390 | D:3      | Reached XP level 5. HP: 40/40 MP: 7/12
  3910 | D:4      | Identified the +5 chain mail "Kufolu" {Str+3}
  4155 | D:4      | Reached XP level 6. HP: 31/48 MP: 0/13
  4323 | D:4      | Found Osiontoi's Assorted Antiques.
  4425 | D:4      | Reached skill level 5 in Air Magic
  4430 | D:4      | Learned a level 4 spell: Airstrike
  4609 | D:4      | Found a staircase to the Ecumenical Temple.
  4730 | D:4      | Noticed Blork the orc
  4735 | D:4      | Killed Blork the orc
  4925 | D:5      | Entered Level 5 of the Dungeon
  4956 | D:5      | Reached XP level 7. HP: 52/55 MP: 11/14
  5290 | D:5      | Found a runed translucent door.
  5456 | D:5      | Reached skill level 4 in Conjurations
  6106 | D:5      | Reached skill level 5 in Conjurations
  6533 | D:6      | Reached XP level 8. HP: 58/61 MP: 2/18
  6636 | D:6      | Learned a level 5 spell: Lightning Bolt
  6936 | D:6      | Reached skill level 5 in Spellcasting
  7474 | D:6      | Reached skill level 6 in Conjurations
  7582 | D:6      | Noticed a blink frog
  7585 | D:6      | Killed a blink frog
  7586 | D:6      | Reached skill level 7 in Conjurations
  8774 | D:8      | Found Gydiurita's Antique Armour Shoppe.
  8828 | D:8      | Reached XP level 9. HP: 67/67 MP: 14/20
  9281 | D:8      | Reached skill level 1 in Evocations
 10136 | D:9      | Reached XP level 10. HP: 69/78 MP: 0/23
 11260 | D:8      | Reached skill level 8 in Conjurations
 11542 | D:8      | Noticed Maggie
 11546 | D:8      | Killed Maggie
 12078 | D:8      | Found a staircase to the Lair.
 12431 | D:8      | Noticed a cyclops
 12435 | D:8      | Killed a cyclops
 13128 | D:8      | Reached skill level 5 in Dodging
 13502 | D:10     | Entered Level 10 of the Dungeon
 13940 | D:10     | Reached XP level 11. HP: 85/85 MP: 12/25
 13955 | D:10     | Noticed a two-headed ogre
 13964 | D:10     | Killed a two-headed ogre
 13965 | D:10     | Reached skill level 5 in Fighting
 14162 | D:10     | Noticed leviel's ghost (journeyman MiFi)
 14163 | D:10     | Found a runed translucent door.
 14165 | D:10     | Identified the +9 trident "Emoxeor" {flame, rF+ Str+4}
 14765 | D:11     | Noticed an eight-headed hydra
 14779 | D:11     | Killed an eight-headed hydra
 14836 | D:11     | Reached skill level 9 in Conjurations
 15269 | D:11     | Found a staircase to the Orcish Mines.
 15346 | D:11     | Identified the ring "Arutebank" {rElec rCorr Dex+5}
 15817 | D:12     | Reached skill level 5 in Evocations
 16022 | D:12     | Noticed a two-headed ogre
 16024 | D:12     | Noticed Nergalle
 16028 | D:12     | Killed a two-headed ogre
 16051 | D:12     | Killed Nergalle
 16752 | D:12     | Noticed Josephine
 16770 | D:12     | Killed Josephine
 16771 | D:12     | Reached skill level 10 in Air Magic
 17033 | D:12     | Noticed a two-headed ogre
 17037 | D:12     | Killed a two-headed ogre
 17038 | D:12     | Reached XP level 12. HP: 96/96 MP: 10/26
 17098 | D:12     | Found Subixkubb's Antique Armour Shoppe.
 17433 | Lair:1   | Entered Level 1 of the Lair of Beasts
 17525 | Lair:1   | Upgraded the game from 0.27-a0-1158-gaa87e14f67 to
                  | 0.27-a0-1177-g245c70e1c0
 17659 | Lair:1   | You fall into a shaft and drop 1 floor!
 18598 | Lair:1   | Learned a level 4 spell: Iskenderun's Mystic Blast
 18606 | Lair:1   | Learned a level 4 spell: Fulminant Prism
 18824 | Lair:2   | Reached skill level 5 in Stealth
 18848 | Lair:2   | Noticed a six-headed hydra
 18886 | Lair:2   | Killed a six-headed hydra
 19363 | Lair:2   | Found a hole to the Spider Nest.
 19376 | Lair:2   | Noticed an eight-headed hydra
 19380 | Lair:2   | Killed an eight-headed hydra
 20258 | Lair:3   | Noticed a seven-headed hydra
 20262 | Lair:3   | Killed a seven-headed hydra
 21684 | Lair:4   | Noticed a five-headed hydra
 21691 | Lair:4   | Killed a five-headed hydra
 21814 | Lair:4   | Found a staircase to the Shoals.
 22346 | Lair:5   | Noticed an eight-headed hydra
 22357 | Lair:4   | Reached XP level 13. HP: 102/105 MP: 18/30
 22412 | Lair:5   | Found a runed translucent gate.
 22412 | Lair:5   | Found a runed translucent gate.
 22412 | Lair:5   | Found a runed translucent gate.
 22412 | Lair:5   | Noticed storma199's ghost (journeyman DjVM)
 22414 | Lair:5   | Noticed leviel's ghost (journeyman TrMo)
 24416 | D:14     | Identified the +1 robe of a wizard's laboratory {Str+10}
 24925 | D:14     | Noticed an ironbound preserver
 25265 | D:14     | Reached skill level 1 in Staves
 25544 | D:14     | Killed an ironbound preserver
 25703 | D:14     | Found a gate to the Vaults.
 25816 | D:15     | Entered Level 15 of the Dungeon
 25959 | D:15     | Reached skill level 5 in Staves
 26879 | D:15     | Reached XP level 14. HP: 46/113 MP: 15/32
 27193 | D:15     | Reached skill level 10 in Spellcasting
 27223 | D:15     | Found a staircase to the Depths.
 27732 | Orc:1    | Entered Level 1 of the Orcish Mines
 27890 | Orc:1    | Noticed Fannar
 27896 | Orc:1    | Killed Fannar
 27984 | Orc:1    | Found Jula's Weapon Shoppe.
 28049 | Orc:1    | Noticed Urug
 28148 | Orc:1    | Killed Urug
 28456 | Orc:2    | Entered Level 2 of the Orcish Mines
 28722 | Orc:2    | Noticed an orc warlord
 29161 | Lair:4   | Reached skill level 10 in Conjurations
 30113 | Lair:6   | Entered Level 6 of the Lair of Beasts
 30209 | Lair:6   | Found a staircase to the Slime Pits.
 30454 | Lair:6   | Noticed Rupert
 30535 | Lair:6   | Killed Rupert
 30536 | Lair:6   | Reached skill level 10 in Evocations
 32069 | Lair:6   | Identified Upyixej's Incunabulum of Sinister Conjuration
 32452 | Lair:6   | Learned a level 6 spell: Conjure Ball Lightning
 32846 | Orc:2    | Killed an orc warlord
 33268 | Orc:2    | Found Efiwic's Antique Weapon Shop.
 33296 | Orc:2    | Found Dymood Doykh's General Store.
 33305 | Orc:2    | Bought a scroll of identify for 24 gold pieces
 33305 | Orc:2    | Bought a potion of curing for 36 gold pieces
 33374 | Orc:2    | Found Ejeshripo's General Store.
 33391 | Orc:2    | Found Doplopem's Antique Armour Emporium.
 33399 | Orc:2    | Bought the +3 crown of Dyrovepreva {rElec Int+2 SInv} for
                  | 1117 gold pieces
 33399 | Orc:2    | Found the +3 crown of Dyrovepreva {rElec Int+2 SInv}
 33406 | Orc:2    | Reached skill level 11 in Conjurations
 33519 | Orc:2    | Found a staircase to the Elven Halls.
 33587 | Orc:2    | Reached XP level 15. HP: 118/118 MP: 23/33
 33590 | Orc:2    | Found Guhiuqei's Jewellery Shop.
 34417 | Shoals:1 | Entered Level 1 of the Shoals
 34889 | Shoals:1 | Reached skill level 12 in Conjurations
 35153 | Shoals:1 | Identified Roxanne's Collected Works on the Rocks
 35153 | Shoals:1 | Noticed Roxanne
 35166 | Shoals:1 | Killed Roxanne
 35998 | Shoals:2 | Found a runed translucent gate.
 35999 | Shoals:2 | Found a runed translucent gate.
 36000 | Shoals:2 | Found a runed translucent gate.
 36000 | Shoals:2 | Noticed AtomicRavioli's ghost (adept OgFi)
 36003 | Shoals:2 | Noticed AtomicRavioli's ghost (adept OgFi)
 36210 | Shoals:2 | Noticed Polyphemus
 36217 | Shoals:2 | Noticed Frances
 36220 | Shoals:2 | Killed Polyphemus
 36221 | Shoals:2 | Reached skill level 13 in Conjurations
 36523 | Shoals:2 | Killed Frances
 37522 | Shoals:2 | Killed AtomicRavioli's ghost
 37936 | Shoals:2 | Killed AtomicRavioli's ghost
 37937 | Shoals:2 | Reached skill level 14 in Conjurations
 38308 | Shoals:3 | Hit by a silver javelin thrown by a merfolk javelineer

Illustrated notes

Levels and vault maps discovered:
D:1:      dpeg_arrival_long_road, layout_loops_corners
D:2:      layout_basic, uniq_terence, uniq_robin
D:3:      kennysheep_slugbush, layout_loops_cross, basic_ecumenical_altar
D:4:      layout_basic, kennysheep_mini_moat, yredelemnul_altar_generic,
          nicolae_wu_jian_wuxing_cycle, nicolae_gozag_seed_capital, temple_hall,
          serial_shops, shop_fountains, uniq_blork_the_orc
D:5:      layout_loops_ring, nemelex_spade_bored_becter, lightli_church_of_beogh
D:6:      layout_basic, old_standard_altar, okawaru_metal_pillars_1_2,
          minmay_three_doors
D:7:      layout_cave_pools, serial_column_ruins, column_ruins_courtyard_long,
          column_ruins_grid_1, column_ruins_grid_1, column_ruins_columns_plus,
          column_ruins_open_tiny, column_ruins_grid_2,
          chequers_decorated_corner, chequers_serial_rivers_micro_e,
          minmay_misc_feat_chi, solitary_fountain
D:8:      lemuel_castle_with_subvaults [lemuel_castle_interior_carwin_2],
          layout_basic, nicolae_uskayaw_murder_on_the_dancefloor,
          erik_lair_dragon, serial_shops, nicolae_shop_stone, uniq_maggie
D:9:      layout_loops_ring, minmay_misc_feat_rugged,
          chequers_serial_rivers_micro_c, kb_lookout_dungeons_type
D:10:     layout_basic, amcnicky_altar_gilded, ebering_ghost_funeral_grove
D:11:     lemuel_flame_loot_2, layout_rooms, david_orc_4
D:12:     layout_cave_pods, serial_shops, kennysheep_mini, st_stairs_2,
          uniq_nergalle, uniq_josephine
D:13:     layout_long_grid
D:14:     layout_stronghold, skrybe_vaults_entry_preservation,
          kennysheep_pointless_box, tgw_sif
D:15:     grunt_enter_depths_magical_seal, layout_basic, hangedman_decor_points
Lair:1:   layout_cave_pods
Lair:2:   layout_chaotic_city, dummy_spider_entry
Lair:3:   layout_cave_pods
Lair:4:   layout_cave_pods, minmay_shoals_entry_hut, grunt_megastairs_3
Lair:5:   layout_gridlike, gauntlet_entry_generic, gammafunk_ghost_cemetery,
          infiniplex_staircase_pool
Lair:6:   guppyfry_lair_end_dragon, layout_hall_layers,
          hangedman_lair_caniforms_friends, slime_altar_1, lemuel_fruit_fields,
          uniq_rupert
Shoals:1: layout_shoals, uniq_roxanne
Shoals:2: layout_shoals, gammafunk_ghost_cemetery, uniq_polyphemus, uniq_frances
Shoals:3: layout_shoals, nicolae_shoals_siren_and_animal_friends
Orc:1:    layout_diamond_mine, serial_shops, nicolae_shop_trees,
          lemuel_statue_altar, mines4_lemuel, uniq_urug, uniq_fannar
Orc:2:    grunt_orc_gardens, layout_diamond_mine, grunt_orc_garden,
          grunt_orc_garden, grunt_orc_garden, grunt_orc_garden, serial_shops,
          shop, special_room

Skill      XL: |  1  2  3  4  5  6  7  8  9 10 11 12 13 14 15 |
---------------+----------------------------------------------+-----
Conjurations   | 1 2 3 5 7 8 9 11 14 | 14.0
Spellcasting   | 2 3 4 5 6 7 8 9 10 | 10.0
Air Magic      | 3 4 5 6 7 9 10 11 12 13 | 13.0
Dodging        | 2 4 5 6 7 |  7.0
Stealth        | 2 3 4 5 6 |  6.0
Fighting       | 1 2 4 6 7 |  7.1
Evocations     | 4 5 7 8 10 | 10.1
Staves         | 6 |  6.2

Action                   |  1- 3 |  4- 6 |  7- 9 | 10-12 | 13-15 || total
-------------------------+-------+-------+-------+-------+-------++-------
Melee: Dagger            |    27 |       |       |       |       ||    27
       Spear             |     1 |    62 |    70 |    92 |     4 ||   229
       Staff             |       |       |       |       |   119 ||   119
 Cast: Shock             |    82 |    88 |    85 |   203 |    65 ||   523
       Static Discharge  |       |    10 |     6 |     7 |    11 ||    34
       Airstrike         |       |     1 |    65 |   236 |   368 ||   670
       Lightning Bolt    |       |       |     8 |    56 |    78 ||   142
       Fulminant Prism   |       |       |       |     5 |    26 ||    31
       Iskenderun's Myst |       |       |       |     1 |     8 ||     9
       Conjure Ball Ligh |       |       |       |       |    41 ||    41
Evoke: Wand              |       |       |     1 |     8 |    30 ||    39
  Use: Scroll            |       |     3 |     8 |    12 |     9 ||    32
       Potion            |       |       |       |       |     8 ||     8
 Stab: Sleeping          |       |     5 |     3 |       |     1 ||     9
Armor: Robe              |     6 |     4 |    24 |    69 |    97 ||   200
Dodge: Dodged            |    27 |    35 |    38 |   147 |   251 ||   498

Table legend: (Time is in decaauts)
 A = Elapsed time spent in this place.
 B = Non-inter-level travel time spent in this place.
 C = Inter-level travel time spent in this place.
 D = Time resting spent in this place.
 E = Time spent auto-exploring this place.
 F = Levels seen in this place.
 G = Mean time per level.
                   A        B        C        D        E       F      G
               +--------+--------+--------+--------+--------+-----+--------+
         Total |  38425 |  35674 |   2751 |   7818 |  22446 |  26 | 1477.9 |
       Dungeon |  23220 |  21453 |   1767 |   3574 |  14949 |  15 | 1548.0 |
          Lair |   9290 |   8558 |    732 |   2111 |   5160 |   6 | 1548.3 |
        Shoals |   3518 |   3444 |     74 |   1558 |   1117 |   3 | 1172.7 |
  Orcish Mines |   2395 |   2218 |    177 |    575 |   1220 |   2 | 1197.5 |
               +--------+--------+--------+--------+--------+-----+--------+

Top non-repeatable levels by time:
     D:8: 3794 daAuts
  Lair:6: 2387 daAuts
Shoals:2: 2207 daAuts
  Lair:4: 2168 daAuts
    D:14: 1854 daAuts
    D:15: 1773 daAuts
     D:1: 1735 daAuts
    D:12: 1732 daAuts
     D:9: 1706 daAuts
     D:6: 1647 daAuts
  Lair:1: 1565 daAuts
     D:5: 1466 daAuts
   Orc:1: 1409 daAuts
  Lair:3: 1394 daAuts
    D:10: 1333 daAuts
